nyob, lawful female dwarven Valkyrie ------ ----- ....| _ |.@. ---------%.-- . --..--------- |.......|...-- . --...|.......| |.......|....---.... | ...---....|.......| |..._..%-.....-.%.... . ....TA-..%..-..@@...| |.......|....---..%... . ......---....|.......| |.......|...-- --..%.. | ..... --...|.......| ---------..-- ----)- . --|- --..--------- ...| |%%%----- . -----... |... ----- |%[%$))... . |......... ----- -------)..- .. --...---- |...%-- . --.... -...----| ---%.. ../...%....... ------ ---- nyob the Heroine Experience level: 25 Strength: 25 Dexterity: 16 Constitution: 20 Intelligence: 10 Wisdom: 16 Charisma: 11 Health: 196(196) Energy: 62(62) Def: 29 Gold: 9903 Moves: 45513 Dungeon seed: ujik5Q93Zly_izla Game ID: nyob_1531864577 Your Inventory: Coins $ - 9903 gold pieces Amulets G - a blessed amulet of life saving (being worn) Weapons c - the blessed rustproof +4 Magicbane (alternate weapon; not wielded) V - the rustproof +6 Frost Brand (weapon in hand) Armor e - a blessed fireproof +2 pair of speed boots (being worn) n - a cursed +1 shield of reflection (being worn) r - a cursed thoroughly rusty corroded +1 helm of telepathy (being worn) w - an uncursed +5 elven mithril-coat (being worn) y - a blessed fireproof +4 cloak of magic resistance (being worn) z - a cursed fireproof +2 T-shirt (being worn) D - an uncursed rustproof +4 pair of gauntlets of power (being worn) Spellbooks f - the cursed Book of the Dead named real Rings l - a cursed +2 ring of increase damage (on left hand) O - an uncursed ring of levitation X - a blessed ring of poison resistance Wands o - a cursed wand of digging (0:4) u - a wand of death (0:0) C - a wand of create monster (0:7) Tools h - an uncursed skeleton key k - the blessed Orb of Fate (0:5) q - the cursed Bell of Opening (0:1) s - a +0 unicorn horn v - an uncursed pair of lenses B - an uncursed bag of holding M - the uncursed Candelabrum of Invocation (no candles attached) (0:0) R - a cursed towel Gems a - 2 uncursed jasper stones b - 7 uncursed jet stones d - an uncursed amber stone K - an uncursed dilithium crystal L - an uncursed diamond N - 6 uncursed amethyst stones P - 2 uncursed jade stones S - an uncursed emerald U - an uncursed flint stone W - an uncursed citrine stone Y - an uncursed aquamarine stone Z - 2 uncursed jacinth stones Contents of the bag of holding: an uncursed amulet of reflection the blessed rustproof +5 Excalibur 3 +0 elven daggers an uncursed scroll of blank paper 4 uncursed scrolls of blank paper 3 uncursed scrolls of blank paper 3 uncursed scrolls of blank paper a blessed scroll of blank paper named blessed a blessed scroll of fire a blessed scroll of identify 2 uncursed scrolls of teleportation a blessed +2 ring of gain constitution an uncursed ring of regeneration an uncursed ring of searching an uncursed ring of slow digestion an uncursed ring of sustain ability a wand of cold (0:5) a wand of cold (0:5) a blessed wand of cold (0:4) a wand of cold (0:3) a wand of cold (0:2) a wand of create monster (0:15) a wand of create monster (0:14) a wand of create monster (0:11) a cursed wand of death (0:3) a cursed rusty wand of death (0:2) a wand of digging (0:5) a wand of digging (0:5) a blessed wand of enlightenment (0:13) a blessed wand of fire (0:6) a wand of fire (0:2) a wand of lightning (0:5) a wand of lightning (0:4) a wand of lightning (0:3) a wand of polymorph (0:6) a wand of sleep (0:8) a wand of sleep (0:8) a wand of sleep (0:7) a wand of sleep (0:5) a wand of sleep (0:4) a rusty wand of sleep (0:3) a wand of striking (0:6) a wand of striking (0:5) a wand of striking (0:5) a wand of striking (0:4) a wand of striking (0:3) a wand of striking (0:3) a wand of teleportation (0:7) a wand of wishing (1:0) a magic marker (1:50) a magic marker (1:16) a magic marker named dry (0:1) an uncursed mirror an uncursed stethoscope Spells and supernatural/magical abilities: Name Level Category Fail Memory W - pray for help -- divine ? -- Your skills at the end: Fighting Skills Weapon Skills dagger [Expert] long sword [Expert] Spellcasting Skills Final Attributes: You were piously aligned. You were fire resistant. You were cold resistant. You were poison resistant. You were magic-protected. You saw invisible. You were telepathic. You were warned. You had infravision. You were invisible to others. You were stealthy. You had a +2 damage bonus. You were very fast. You had reflection. Your life would have been saved. You were lucky. You had extra luck. Good luck did not time out for you. You survived after being killed twice. Vanquished creatures: Asmodeus Baalzebub Orcus Juiblex The Wizard of Yendor (11 times) Death (5 times) Pestilence Famine (14 times) 4 arch-liches a high priest 4 mastodons Medusa 8 krakens 5 iron golems 5 master liches 10 storm giants 5 glass golems 2 balrogs 10 purple worms 2 gray dragons 2 silver dragons 7 red dragons 7 white dragons 3 orange dragons 7 black dragons 6 blue dragons 4 green dragons a yellow dragon 26 minotaurs 8 jabberwocks Lord Surtur 12 baluchitheria 21 Angels 8 demiliches Vlad the Impaler 10 stone golems 8 master mind flayers 9 Olog-hai 2 Nazgul 12 pit fiends 6 sandestins 6 hell hounds 9 titanotheres 7 trappers a baby gray dragon a baby silver dragon 13 disenchanters 33 vampire lords 6 shades 5 skeletons 35 aligned priests 7 captains 12 liches 2 water trolls 2 clay golems 12 nurses 11 ice devils 5 nalfeshnees 5 lurkers above 13 ettins 15 black puddings 32 vampires 36 ghosts 2 lieutenants 2 barbarians a cavewoman a valkyrie 3 queen bees 9 winged gargoyles 5 mind flayers 9 giant mimics 8 zruties 32 fire giants 12 ogre kings an ice troll 34 rock trolls 11 umber hulks 3 flesh golems 9 Elvenkings 8 doppelgangers 15 hezrous 18 bone devils 6 large mimics 3 wumpuses 8 fire vortices 11 long worms 3 couatls 16 stalkers 15 air elementals 7 fire elementals 14 earth elementals 7 water elementals 10 hill giants 6 giant mummies a black naga 13 xorns 14 giant zombies 17 elf-lords 4 sergeants a water demon 5 barbed devils 26 vrocks 5 salamanders 17 wargs 2 winter wolves 8 hell hound pups 23 small mimics 2 glass piercers 6 warhorses 10 steam vortices 12 xans 11 ettin mummies 13 ogre lords 11 quantum mechanics 21 trolls 4 wood golems 2 erinyes 8 mariliths 6 sharks 11 gelatinous cubes 4 pyrolisks 4 large dogs 11 flaming spheres 5 shocking spheres 3 large cats 6 tigers 6 gargoyles 18 ochre jellies 13 leocrottas 11 energy vortices 4 mountain centaurs 4 stone giants 3 elf mummies 8 human mummies 2 red nagas 6 green slimes 14 pit vipers 5 pythons 5 cobras 56 wraiths 6 carnivorous apes 23 ettin zombies 5 leather golems 16 Grey-elves 56 soldiers 3 horned devils 8 succubi 12 incubi 8 chameleons 5 crocodiles 18 giant beetles 3 quivering blobs 24 cockatrices 19 wolves 3 winter wolf cubs 5 lynxes a panther 52 gremlins 4 spotted jellies 9 leprechauns 4 orc-captains 2 iron piercers 4 mumakil 8 giant spiders 14 scorpions 7 horses an ice vortex 5 black lights 11 vampire bats 5 forest centaurs 4 gnome kings 7 orc mummies 4 dwarf mummies 6 ogres 5 brown puddings 17 rust monsters 6 owlbears 5 yetis 4 gold golems 5 werewolves 8 Green-elves 3 piranhas 12 giant eels 17 lizards 3 warriors 16 chickatrices 2 dogs 3 dingos 5 housecats 3 jaguars 7 blue jellies 3 gray unicorns a black unicorn 8 dust vortices 3 ravens 6 plains centaurs 4 gnome mummies 7 snakes 14 apes 32 human zombies 3 rope golems 22 Woodland-elves 16 soldier ants 63 fire ants 11 bugbears 19 lemures 3 quasits 4 wood nymphs 8 water nymphs 4 mountain nymphs 13 Mordor orcs 10 Uruk-hai 3 orc shamans 8 rock piercers 2 rock moles a pony 9 fog clouds 12 yellow lights 2 shriekers 4 violet fungi 3 gnome lords a gnomish wizard 3 kobold mummies a red naga hatchling 3 black naga hatchlings 11 gray oozes 6 barrow wights 10 elf zombies 14 ghouls a straw golem a paper golem 3 jellyfish 28 giant ants 4 little dogs 7 floating eyes 3 kittens 2 dwarves a homunculus 4 kobold shamans 14 hill orcs 11 rothes 2 rabid rats 2 centipedes a giant bat 16 orc zombies 26 dwarf zombies 3 wererats 7 iguanas 74 killer bees 6 acid blobs 12 coyotes 3 hobbits 7 hobgoblins 12 giant rats 9 cave spiders 5 brown molds 6 yellow molds 2 green molds 3 red molds 30 gnomes 20 garter snakes 12 gnome zombies 2 geckos 11 jackals 4 foxes 4 kobolds 10 goblins 10 sewer rats 14 grid bugs 4 bats 14 lichens 12 kobold zombies 16 newts 2519 creatures vanquished. Voluntary challenges: You had been an atheist until turn 2765. You used a wielded weapon 5802 times, starting on turn 2. You read items or engraved 111 times, starting on turn 1696. You never genocided any monsters. You never polymorphed an object. You changed form 5 times, starting on turn 6520. You used 6 wishes, starting on turn 19479. You wished for your your first artifact on turn 22955. You split 14 puddings, starting on turn 23909. You never wrote Elbereth's name. You violated your moral code, losing 38 points of alignment, starting on turn 11599. Dungeon overview: The Dungeons of Doom: levels 1 to 25 Level 1 stairs to The Elemental Planes Level 2 a potion shop stairs to The Gnomish Mines Level 3 Level 4 a general store, a sink Level 5 Level 6 a scroll shop Level 7 many fountains Level 8 some fountains stairs to Sokoban Level 9 a fountain Level 10 a fountain Level 11 some fountains Level 12 a fountain Level 13 Level 14 portal to The Quest Level 15 a fountain Level 16 a fountain Level 17 a fountain Level 18 Level 19 some fountains Level 20 Level 21 a fountain Level 22 Level 23 Level 24 Level 25 Gehennom: levels 26 to 49 Level 26 a temple to Moloch stairs to The Dungeons of Doom Level 27 Level 28 Level 29 a fountain Level 30 Level 31 Level 32 Level 33 Level 34 Level 35 Level 36 Level 37 Level 38 some shops, an altar to Moloch stairs to Vlad's Tower Level 39 Level 40 Level 41 Level 42 portal to Gehennom Level 43 Level 44 Level 45 portal to Gehennom Level 46 Level 47 Level 48 Level 49 The Gnomish Mines: levels 3 to 11 Level 3 stairs to The Dungeons of Doom Level 4 Level 5 Level 6 many shops, a temple to Odin, some fountains Level 7 Level 8 Level 9 Level 10 Level 11 The Quest: levels 1 to 6 Level 1 a fountain portal to The Dungeons of Doom Level 2 Level 3 Level 4 Level 5 Level 6 Sokoban: levels 4 to 7 Level 4 Level 5 Level 6 Level 7 stairs to The Dungeons of Doom Vlad's Tower: levels 35 to 37 Level 35 Level 36 Level 37 stairs to Gehennom The Elemental Planes: Astral Plane <- You were here some high altars Plane 4 portal to The Elemental Planes Plane 3 portal to The Elemental Planes Plane 2 portal to The Elemental Planes Plane 1 portal to The Elemental Planes History has recorded: On T:1 you entered the Dungeons of Doom to retrieve the Amulet of Yendor! On T:393 you reached level 2 of The Dungeons of Doom. On T:720 you advanced to experience level 2. On T:867 you reached level 3 of The Dungeons of Doom. On T:1052 you advanced to experience level 3. On T:1331 you reached level 4 of The Dungeons of Doom. On T:1345 you reached level 7 of The Dungeons of Doom. On T:1356 you reached level 6 of The Dungeons of Doom. On T:1574 you reached level 5 of The Dungeons of Doom. On T:1589 you advanced to experience level 4. On T:2374 you advanced to experience level 5. On T:3312 you reached level 1 of The Gnomish Mines. On T:3761 you reached level 2 of The Gnomish Mines. On T:3765 you advanced to experience level 6. On T:4120 you reached level 3 of The Gnomish Mines. On T:4555 you reached level 4 of The Gnomish Mines. On T:5195 you advanced to experience level 7. On T:5453 you reached level 5 of The Gnomish Mines. On T:5709 you reached level 6 of The Gnomish Mines. On T:5794 you reached level 7 of The Gnomish Mines. On T:6490 you advanced to experience level 8. On T:6789 you reached level 8 of The Gnomish Mines. On T:7020 you reached level 9 of The Gnomish Mines. On T:8399 you advanced to experience level 9. On T:8680 you reached level 8 of The Dungeons of Doom. On T:8866 you reached level 4 of Sokoban. On T:9676 you reached level 3 of Sokoban. On T:10143 you reached level 2 of Sokoban. On T:10490 you reached level 1 of Sokoban. On T:11630 you advanced to experience level 10. On T:11720 you received advice from The Oracle. On T:11760 you reached level 9 of The Dungeons of Doom. On T:12284 you reached level 10 of The Dungeons of Doom. On T:12885 you reached level 11 of The Dungeons of Doom. On T:13112 you reached level 12 of The Dungeons of Doom. On T:13266 you reached level 13 of The Dungeons of Doom. On T:13808 you reached level 14 of The Dungeons of Doom. On T:13872 you reached level 15 of The Dungeons of Doom. On T:14395 you reached level 16 of The Dungeons of Doom. On T:14725 you reached level 17 of The Dungeons of Doom. On T:15078 you reached level 18 of The Dungeons of Doom. On T:15350 you advanced to experience level 11. On T:15352 you advanced to experience level 12. On T:15463 you reached level 19 of The Dungeons of Doom. On T:15841 you reached level 20 of The Dungeons of Doom. On T:16088 you reached level 21 of The Dungeons of Doom. On T:16570 you reached level 22 of The Dungeons of Doom. On T:16582 you advanced to experience level 13. On T:16689 you killed Medusa on level 22 of The Dungeons of Doom. On T:16896 you reached level 23 of The Dungeons of Doom. On T:17267 you reached level 24 of The Dungeons of Doom. On T:18104 you reached The Castle. On T:18633 you reached The Valley of the Dead. On T:19235 you advanced to experience level 14. On T:19241 you advanced to experience level 15. On T:19479 you wished for "2 blessed scrolls of charging". On T:19480 you wished for "blessed ring of poison resistance". On T:20116 you reached level 1 of The Quest. On T:20179 you embarked upon an epic quest. On T:20307 you reached level 2 of The Quest. On T:20425 you reached level 3 of The Quest. On T:20557 you reached level 4 of The Quest. On T:20638 you reached level 5 of The Quest. On T:20730 you reached level 6 of The Quest. On T:20836 you advanced to experience level 16. On T:20848 you killed Lord Surtur on level 6 of The Quest. On T:21135 you completed the quest! On T:22939 you reached level 2 of Gehennom. On T:22948 you wished for "blessed fireproof +2 pair of speed boots". On T:22952 you wished for "blessed greased fireproof +2 cloak of magic resistance". On T:22955 you wished for "blessed rustproof +2 Magicbane". On T:23242 you reached level 3 of Gehennom. On T:23384 you killed Asmodeus on level 2 of Gehennom. On T:23867 you reached level 4 of Gehennom. On T:23938 you killed Juiblex on level 4 of Gehennom. On T:24852 you reached level 5 of Gehennom. On T:25303 you reached level 6 of Gehennom. On T:25821 you killed Baalzebub on level 6 of Gehennom. On T:25877 you reached level 7 of Gehennom. On T:26345 you reached level 8 of Gehennom. On T:26915 you reached level 9 of Gehennom. On T:27576 you reached level 10 of Gehennom. On T:28254 you reached level 11 of Gehennom. On T:28845 you reached level 12 of Gehennom. On T:29363 you reached level 13 of Gehennom. On T:29425 you reached level 3 of Vlad's Tower. On T:29529 you reached level 2 of Vlad's Tower. On T:29674 you reached level 1 of Vlad's Tower. On T:29766 you killed Vlad the Impaler on level 1 of Vlad's Tower. On T:30865 you killed Orcus on level 11 of Gehennom. On T:31073 you reached level 14 of Gehennom. On T:31724 you reached level 15 of Gehennom. On T:32149 you reached level 16 of Gehennom. On T:32645 you reached level 17 of Gehennom. On T:33050 you reached level 18 of Gehennom. On T:33542 you reached level 19 of Gehennom. On T:34278 you wished for "blessed fireproof +2 T-shirt". On T:34735 you reached level 20 of Gehennom. On T:35370 you reached level 21 of Gehennom. On T:35858 you advanced to experience level 17. On T:35954 you reached level 22 of Gehennom. On T:35983 you advanced to experience level 18. On T:36452 you reached level 23 of Gehennom. On T:37745 you advanced to experience level 19. On T:38600 you killed Wizard of Yendor on level 15 of Gehennom. On T:38726 you killed Wizard of Yendor on level 17 of Gehennom. On T:38814 you performed the invocation. On T:38815 you reached level 24 of Gehennom. On T:39023 you advanced to experience level 20. On T:39065 you advanced to experience level 21. On T:39088 you advanced to experience level 22. On T:39289 you killed high priest of Moloch on level 24 of Gehennom. On T:39295 you gained the Amulet of Yendor! On T:39630 you killed Wizard of Yendor on level 17 of Gehennom. On T:40283 you killed Wizard of Yendor on level 8 of Gehennom. On T:40478 you lost the Amulet of Yendor. On T:40485 you killed Wizard of Yendor on level 4 of Gehennom. On T:40737 you advanced to experience level 23. On T:41284 you killed Wizard of Yendor on level 3 of Gehennom. On T:41737 you killed Wizard of Yendor on level 15 of Gehennom. On T:42283 you killed Wizard of Yendor on level 13 of Gehennom. On T:42588 you advanced to experience level 24. On T:43094 you killed Wizard of Yendor on level 4 of Gehennom. On T:43095 you gained the Amulet of Yendor! On T:43261 you killed Wizard of Yendor on level 2 of Gehennom. On T:44070 you reached the Plane of Earth. On T:44074 you killed Wizard of Yendor on the Plane of Earth. On T:44345 you advanced to experience level 25. On T:44475 you reached the Plane of Air. On T:44705 you reached the Plane of Fire. On T:44923 you reached the Plane of Water. On T:45005 you reached the Astral Plane. On T:45013 you killed Famine on the Astral Plane. On T:45026 you killed Famine on the Astral Plane. On T:45045 you killed Famine on the Astral Plane. On T:45058 you killed Famine on the Astral Plane. On T:45078 you killed Famine on the Astral Plane. On T:45092 you killed Famine on the Astral Plane. On T:45108 you killed Famine on the Astral Plane. On T:45122 you killed Famine on the Astral Plane. On T:45137 you killed Famine on the Astral Plane. On T:45156 you killed Famine on the Astral Plane. On T:45172 you killed Famine on the Astral Plane. On T:45248 you killed Famine on the Astral Plane. On T:45264 you killed Famine on the Astral Plane. On T:45293 you killed Famine on the Astral Plane. On T:45380 you killed Death on the Astral Plane. On T:45387 you were saved from death by your amulet of life saving! On T:45389 you were saved from death by your amulet of life saving! On T:45407 you killed Death on the Astral Plane. On T:45421 you killed Death on the Astral Plane. On T:45446 you killed Death on the Astral Plane. On T:45460 you killed Death on the Astral Plane. On T:45481 you killed Pestilence on the Astral Plane. On T:45508 you lost the Amulet of Yendor. On T:45512 you gained the Amulet of Yendor! On T:45513 you lost the Amulet of Yendor. On T:45513 you offered the Amulet of Yendor to Tyr and ascended to the status of Demigoddess! Score breakdown: Gold: 9903 (13592 points) Experience: 25 levels (27291 points) Exploration: 49 levels (100.00%) (30000 points) Discoveries: 21 items ( 8.54%) ( 8765 points) Valuables value: 32950 (15368 points) Artifact value: 30000 (15229 points) Variety of kills: 273 monsters ( 71.65%) (25394 points) Turncount: 45513 turns (-4617 points) Survival: ascended (score multiplied by 200%) Total score: 262044 Latest messages: Your movements are now unencumbered. You don't have anything to sacrifice. You cannot reach the altar. You begin praying to Tyr. You are surrounded by a shimmering light. You feel that Tyr is well-pleased. Your right ring softly glows amber. You take off your ring of levitation. You float gently to the altar. There is an altar to Tyr (lawful) here. You see here the Amulet of Yendor named real. You don't have anything to sacrifice. You have a little trouble lifting E - the Amulet of Yendor named real. Your movements are slowed slightly because of your load. You offer the Amulet of Yendor to Tyr... An invisible choir sings, and you are bathed in radiance... The voice of Tyr rings out: "Congratulations, mortal!" "In return for thy service, I grant thee the gift of Immortality!" You ascend to the status of Demigoddess... Final status: Farvel nyob the Demigoddess, ascended... You went to your reward with 262044 points, Magicbane (worth 3500 zorkmids) The Book of the Dead (worth 10000 zorkmids) The Orb of Fate (worth 3500 zorkmids) The Bell of Opening (worth 5000 zorkmids) Excalibur (worth 4000 zorkmids) The Candelabrum of Invocation (worth 5000 zorkmids) Frost Brand (worth 3000 zorkmids) 7 jet stones (worth 5950 zorkmids), 6 amethyst stones (worth 3600 zorkmids), 2 jacinth stones (worth 6500 zorkmids), 2 jasper stones (worth 1000 zorkmids), 2 jade stones (worth 600 zorkmids), 1 dilithium crystal (worth 4500 zorkmids), 1 diamond (worth 4000 zorkmids), 1 emerald (worth 2500 zorkmids), 1 citrine stone (worth 1500 zorkmids), 1 aquamarine stone (worth 1500 zorkmids), 1 amber stone (worth 1000 zorkmids), 1 amulet of life saving (worth 150 zorkmids), 1 amulet of reflection (worth 150 zorkmids), and 9903 pieces of gold, after 45513 moves. You were level 25 with a maximum of 196 hit points when you ascended.